 Dungeon Crawl Stone Soup version 0.26-a0-1107-g6118521029 (webtiles) character file.

Game seed: 8712678170830259357

7039 robertstho the Cleaver (level 11, -6/94 HPs)
             Began as a Hill Orc Fighter on Dec 16, 2020.
             Was an Elder of Beogh.
             Mangled by a sixfirhy (11 damage)
             ... summoned by a kobold demonologist
             ... on level 11 of the Dungeon.
             The game lasted 00:15:16 (10387 turns).

robertstho the Cleaver (Hill Orc Fighter)          Turns: 10387, Time: 00:15:17

Health: -6/94      AC: 16    Str: 29      XL:     11   Next: 9%
Magic:  15/15      EV:  8    Int:  8      God:    Beogh [****..]
Gold:   162        SH: 11    Dex:  9 (10) Spells: 10/10 levels left

rFire    + . .     SeeInvis .   k - +2 broad axe (vorpal)
rCold    . . .     Faith    .   c - +0 kite shield
rNeg     . . .     Spirit   .   Q - +3 chain mail {rF+}
rPois    +         Reflect  .   G - +0 helmet
rElec    .         Harm     .   l - scarf {+Inv}
rCorr    .         Rampage  .   p - +0 pair of gloves
Will     .....                  (no boots)
Stlth    ..........             A - amulet of magic regeneration
HPRegen  0.25/turn              P - ring of poison resistance
MPRegen  0.39/turn              N - +6 ring of strength

@: marked
A: no striking features
a: Smiting, Recall Orcish Followers, Renounce Religion, Evoke Invisibility


You were on level 11 of the Dungeon.
You worshipped Beogh.
Beogh was greatly pleased with you.
You visited 1 branch of the dungeon, and saw 11 of its levels.
You also visited: Sewer.

You collected 521 gold pieces.
You spent 359 gold pieces at shops.

Inventory:

Hand Weapons
 k - a +2 vorpal broad axe (weapon)
 I - a +1 hand axe of electrocution
 K - a +6 battleaxe of freezing
Missiles
 h - 22 poisoned darts (quivered)
 t - 2 javelins
Armour
 c - a +0 kite shield (worn)
 l - a scarf of invisibility (worn)
 p - a +0 pair of gloves (worn)
 G - a +0 helmet (worn)
 O - a +2 chain mail of poison resistance
 Q - a +3 chain mail of fire resistance (worn)
Jewellery
 g - a +6 ring of dexterity
 o - a +6 ring of dexterity
 A - an amulet of magic regeneration (around neck)
 N - a +6 ring of strength (right hand)
 P - a ring of poison resistance (left hand)
 V - a +6 ring of dexterity
Wands
 a - a wand of acid (7)
 b - a wand of random effects (20)
 q - a wand of paralysis (15)
 J - a wand of flame (14)
 T - a wand of disintegration (7)
Scrolls
 d - 2 scrolls of random uselessness {unknown}
 f - 7 scrolls of teleportation
 i - 6 scrolls of remove curse {unknown}
 j - 2 scrolls of noise {unknown}
 r - 4 scrolls of fear {unknown}
 s - 2 scrolls of amnesia {unknown}
 w - 3 scrolls of fog {unknown}
 y - 3 scrolls of enchant armour {unknown}
 E - 5 scrolls of blinking {unknown}
 H - 3 scrolls of enchant weapon {unknown}
 L - a scroll of immolation {unknown}
 M - a scroll of acquirement {unknown}
 R - a scroll of identify
 S - a scroll of magic mapping {unknown}
Potions
 e - 4 potions of brilliance {unknown}
 m - 5 potions of flight {unknown}
 n - 7 potions of curing
 u - a potion of cancellation {unknown}
 v - 2 potions of resistance
 x - 2 potions of ambrosia
 z - 2 potions of haste
 B - 3 potions of lignification
 C - 4 potions of magic
 D - a potion of heal wounds
 F - 2 potions of attraction
 U - a potion of berserk rage {unknown}


   Skills:
 * Level 7.9 Fighting
 * Level 13.7 Axes
 * Level 8.6 Armour
 + Level 1.4 Dodging
 + Level 1.2 Stealth
 * Level 8.0 Shields
 * Level 6.3 Invocations


You had 10 spell levels left.
You didn't know any spells.
Your spell library contained the following spells:

 Spells                   Type           Power        Failure   Level
 Animate Skeleton         Necr           #.....       99%         1
 Apportation              Tloc           #.....       99%         1
 Beastly Appendage        Tmut           #.....       99%         1
 Corona                   Hex            #......      99%         1
 Summon Small Mammal      Summ           #...         99%         1
 Call Imp                 Summ           #.......     100%        2
 Wereblood                Tmut           #.......     100%        2
 Call Canine Familiar     Summ           #.......     100%        3
 Spider Form              Tmut/Pois      #.........   100%        3
 Static Discharge         Conj/Air       #.......     100%        3
 Summon Guardian Golem    Hex/Summ       #.......     100%        3
 Hailstorm                Conj/Ice       #.......     100%        4
 Ice Form                 Ice/Tmut       #.......     100%        4
 Summon Ice Beast         Ice/Summ       #.......     100%        4
 Summon Lightning Spire   Summ/Air       #.......     100%        4
 Blade Hands              Tmut           #.........   100%        5
 Conjure Ball Lightning   Conj/Air       #.........   100%        6
 Orb of Destruction       Conj           #.........   100%        7


Dungeon Overview and Level Annotations

Branches:
Dungeon (11/15)            Temple (0/1) D:5            Lair (0/6) D:9
    Orc (0/2) D:10          Sewer (visited)

Altars:
Ashenzari
Dithmenos
Elyvilon
Gozag
Makhleb
Okawaru
Qazlal
Ru
Trog
Uskayaw
Vehumet
Xom

Shops:
D:5 }   D:6 *   D:7 [   D:10 (

Annotations:
D:9 exclusion: orange crystal statue
D:10 2 transporters, robertstho's ghost, journeyman HaHu


Message History

You closely miss the kobold demonologist.
The kobold demonologist is almost dead.
You closely miss the sixfirhy. You closely miss the ice devil.
You hit the rust devil but do no damage.
You barely miss the hellwing. The sixfirhy hits you. The sixfirhy shocks you!
* * * LOW HITPOINT WARNING * * *
The sixfirhy closely misses you. The sixfirhy hits you.
* * * LOW HITPOINT WARNING * * *
The sixfirhy shocks you!
* * * LOW HITPOINT WARNING * * *
You block the sixfirhy's attack.
You block the kobold demonologist's attack.
The hellwing closely misses you. You block the hellwing's attack.
Your orc priest completely misses the ice devil.
An insubstantial wisp comes into view.
The ice devil hits you but does no damage.
Your orc knight misses the sixfirhy.
The sixfirhy hits you.
* * * LOW HITPOINT WARNING * * *
The sixfirhy shocks you!
You die...

...####...#...###≈≈≈≈
♣♣.....#...#...##≈≈≈≈≈
♣......)...#..)÷≈≈≈≈≈≈
.♣♣♣♣....≈.≈..#...≈≈≈≈)≈†
....$...≈)≈≈≈.#..≈≈≈≈≈≈≈≈
.......≈≈≈≈≈≈.#...≈≈≈≈≈≈≈
.......o≈≈†≈≈$#....≈≈≈≈≈≈
#.....54o≈≈≈..#...)#≈≈≈≈≈
#.....K3@.†...#....##≈≈≈≈
#.....5K44#...+.....##≈≈≈
#....5.54Y#...#...#o###≈≈
#..?....D†≈...#...#.#####
#'#####Y≈≈≈≈..#...#.o# .
..Y≈≈≈≈≈......##.##
.≈≈≈≈≈≈≈......##..#
#v≈≈≈≈≈≈......###.##
.≈≈≈≈≈≈≈......###..#


You could see 2 hellwings, an ice devil (summoned), a rust devil (summoned), 2
kobold demonologists, a sixfirhy (summoned), a steam dragon, 3 sky beasts, an
insubstantial wisp, a crimson imp (summoned, expiring), a white imp (summoned),
a shadow imp (summoned), an ufetubus (summoned), a friendly orc knight and a
friendly orc priest (strong).

Vanquished Creatures
  A centaur zombie (D:10)
  A centaur skeleton (D:10)
  Sigmund (D:3)
  3 yaks (D:9)
  Grum (D:11)
  A water moccasin (D:9)
  3 sky beasts
  3 orc warriors
  3 black bears
  4 ice beasts
  5 ogres
  3 phantoms (D:7)
  3 wolves (D:11)
  3 centaurs
  A big kobold (D:11)
  8 bullfrogs
  A water moccasin skeleton (D:11)
  A scorpion (D:9)
  4 howler monkeys
  10 wights
  An electric eel (D:11)
  2 jellies
  6 orc priests
  A bullfrog zombie (D:11)
  3 hounds
  5 orc wizards
  Jessica (D:3)
  10 worker ants
  A howler monkey zombie (D:5)
  A worker ant zombie (D:7)
  7 gnolls
  14 adders
  5 river rats
  A shadow imp (D:9)
  2 white imps
  An ooze (D:1)
  An adder zombie (D:10)
  An adder skeleton (D:7)
  2 worms
  2 leopard geckos
  23 orcs
  13 ball pythons
  6 bats
  8 giant cockroaches
  11 goblins
  7 hobgoblins
  9 kobolds
  3 quokkas
  8 frilled lizards
  2 quokka skeletons (D:5)
  35 rats
252 creatures vanquished.

Vanquished Creatures (collateral kills)
  A centaur zombie (D:11)
  A gargoyle (D:11)
  A kobold demonologist (D:11)
  A water moccasin (D:11)
  An ice beast (D:11)
  A sky beast (D:11)
  A wolf (D:11)
  2 electric eels (D:11)
  An orc priest (D:10)
  3 orc wizards (D:10)
  12 orcs
25 creatures vanquished.

Vanquished Creatures (others)
  An orc warrior (D:9)
  2 orc wizards
  3 orc priests
  An adder (D:4)
  10 orcs
  6 fungi (D:9)
  10 plants (D:9)
33 creatures vanquished.

Grand Total: 310 creatures vanquished

Notes
Turn   | Place    | Note
-------+----------+-------------------------------------------
     0 | D:1      | robertstho the Hill Orc Fighter began the quest for the
                  | Orb.
     0 | D:1      | Reached XP level 1. HP: 19/19 MP: 1/1
   131 | D:1      | Reached XP level 2. HP: 17/27 MP: 2/2
   504 | D:1      | Reached skill level 3 in Axes
   661 | D:1      | Reached XP level 3. HP: 33/33 MP: 3/3
  1328 | D:2      | Found a broken altar of Ashenzari.
  1459 | D:2      | Reached XP level 4. HP: 40/40 MP: 4/4
  1538 | D:2      | Reached skill level 4 in Axes
  1678 | D:2      | Found an iron altar of Okawaru.
  1862 | D:3      | Found a sacrificial altar of Ru.
  1876 | D:3      | Noticed Jessica
  1884 | D:3      | Killed Jessica
  2126 | D:3      | Reached skill level 5 in Axes
  2126 | D:3      | Reached XP level 5. HP: 46/46 MP: 5/5
  2291 | D:3      | Noticed Sigmund
  2300 | D:3      | Killed Sigmund
  2301 | D:3      | Reached skill level 6 in Axes
  2301 | D:3      | Reached XP level 6. HP: 53/53 MP: 6/6
  2381 | D:3      | Found a burning altar of Makhleb.
  2707 | D:4      | Became a worshipper of Beogh the Brigand
  2997 | D:4      | Reached skill level 7 in Axes
  3013 | D:4      | Noticed an ice beast
  3019 | D:4      | Killed an ice beast
  3020 | D:4      | Reached XP level 7. HP: 51/58 MP: 7/7
  3659 | D:5      | Entered Level 5 of the Dungeon
  3676 | D:5      | Reached skill level 8 in Axes
  3676 | D:5      | Reached skill level 1 in Invocations
  3678 | D:5      | Reached skill level 5 in Armour
  3701 | D:5      | Reached skill level 5 in Fighting
  4026 | D:5      | Found a glowing drain.
  4030 | Sewer    | Entered a sewer
  4051 | Sewer    | Reached * piety under Beogh
  4182 | Sewer    | Reached XP level 8. HP: 65/68 MP: 9/9
  4296 | Sewer    | Reached ** piety under Beogh
  4300 | Sewer    | Reached skill level 9 in Axes
  4452 | D:5      | Found Pelin's Gadget Boutique.
  4593 | D:5      | Found a staircase to the Ecumenical Temple.
  4938 | D:6      | Reached skill level 5 in Shields
  5516 | D:6      | Found a radiant altar of Vehumet.
  5832 | D:6      | Found Voem Eto's Assorted Antiques.
  6052 | D:7      | Reached skill level 10 in Axes
  6062 | D:7      | Reached XP level 9. HP: 62/75 MP: 11/11
  6150 | D:7      | Reached skill level 1 in Stealth
  6356 | D:7      | Reached skill level 1 in Dodging
  6694 | D:7      | Found Okuecsus's Armour Shop.
  6714 | D:7      | Bought a +2 chain mail of poison resistance for 240 gold
                  | pieces
  6773 | D:7      | Reached *** piety under Beogh
  6776 | D:7      | Found an opulent altar of Gozag.
  7040 | D:7      | Found a burning altar of Makhleb.
  7041 | D:7      | Noticed a balrug
  7118 | D:7      | Found a shadowy altar of Dithmenos.
  7249 | D:8      | Reached skill level 11 in Axes
  7559 | D:8      | You fall into a shaft and drop 1 floor!
  7713 | D:9      | Noticed an orange crystal statue
  7894 | D:9      | Found a stormy altar of Qazlal.
  7914 | D:9      | Found a staircase to the Lair.
  8003 | D:9      | Reached skill level 12 in Axes
  8106 | D:9      | Reached XP level 10. HP: 80/84 MP: 13/13
  8146 | D:9      | Identified the Collected Works on Confrontation
  8451 | D:9      | Reached skill level 5 in Invocations
  8553 | D:9      | Found a shimmering altar of Xom.
  8666 | D:9      | Found a white marble altar of Elyvilon.
  8675 | D:9      | Found a hide-covered altar of Uskayaw.
  8887 | D:10     | Entered Level 10 of the Dungeon
  8996 | D:10     | Found Sugief's Antique Weapon Shoppe.
  9004 | D:10     | Bought a glowing broad axe for 119 gold pieces
  9043 | D:10     | Found a transporter.
  9045 | D:10     | Found a transporter.
  9047 | D:10     | Noticed a cyclops
  9049 | D:10     | Noticed a two-headed ogre
  9050 | D:10     | Found a bloodstained altar of Trog.
  9057 | D:10     | Noticed a moth of wrath
  9076 | D:10     | Identified the cursed +2 giant club of Amorality
                  | {antimagic, rPois Will+ Int-2}
  9076 | D:10     | Noticed a two-headed ogre
  9077 | D:10     | Noticed robertstho's ghost (journeyman HaHu)
  9099 | D:10     | Found a staircase to the Orcish Mines.
  9101 | D:10     | Reached **** piety under Beogh
  9119 | D:10     | Gained Geork as an ally
  9416 | D:10     | Reached skill level 13 in Axes
  9544 | D:10     | Gained Murdo as an ally
  9777 | D:11     | Noticed Grum
  9793 | D:11     | Killed Grum
 10022 | D:11     | Noticed a gargoyle
 10028 | D:11     | Killed a gargoyle
 10029 | D:11     | Reached XP level 11. HP: 78/93 MP: 15/15
 10110 | D:11     | Your ally Geork died
 10382 | D:11     | Noticed a sixfirhy
 10387 | D:11     | Mangled by a sixfirhy

Illustrated notes

Levels and vault maps discovered:
D:1:      dpeg_arrival_concentric_ovals, layout_basic, bh_walls_and_bars
D:2:      layout_rooms, ashenzari_altar_1, okawaru_gym_becter,
          kennysheep_generic_room_8
D:3:      layout_basic, overflow_temple_1_default, marbit_many_paths,
          minivault_24, minmay_misc_feat_hallway, lemuel_another_geyser,
          uniq_sigmund, uniq_jessica
D:4:      layout_cave_pods
D:5:      layout_cave_pools, minmay_temple_entry_hall, gup_sewer_entry_bowl,
          serial_shops, nicolae_shop_waterfront
D:6:      layout_loops_corners, vehumet_altar_wand_db, serial_shops, shop,
          minivault_1, minivault_25, chequers_avenue
D:7:      wad_crossroads, layout_loops_ring, nicolae_gozag_seed_capital,
          grunt_dithmenos_shadows, serial_shops, shop, makhleb_altar_promises_db
D:8:      layout_loops_ring, old_standard_altar, kennysheep_mini_moat
D:9:      layout_basic, nicolae_overflow_crystal_walls, grunt_qazlal_sundering,
          eat_drink_and_be_merry_uskayaw, overflow_temple_1_default,
          grunt_lair_entry_orc_guard_hut, serial_bayou_pond_a,
          minmay_protected_statue
D:10:     layout_irregular_city, hiddenorc2_lemuel, serial_shops,
          nicolae_shop_temple_entry_statues_fountains,
          gammafunk_ghost_wrathful_warriors
D:11:     layout_basic, hangedman_misty_isle, uniq_grum

Skill      XL: |  1  2  3  4  5  6  7  8  9 10 11 |
---------------+----------------------------------+-----
Fighting       | 4 5 6 7 |  7.9
Axes           | 3 5 6 7 8 10 12 13 | 13.7
Armour         | 4 5 6 7 8 |  8.6
Shields        | 4 5 6 7 8 |  8.0
Invocations    | 1 3 4 6 |  6.3
Stealth        | 1 |  1.2
Dodging        | 1 |  1.4

Action                   |  1- 3 |  4- 6 |  7- 9 | 10-12 || total
-------------------------+-------+-------+-------+-------++-------
Melee: War axe           |    84 |    86 |   182 |       ||   352
       Hand axe          |       |       |   241 |    70 ||   311
       Broad axe         |       |       |       |   103 ||   103
Invok: Convert to Beogh  |       |     1 |       |       ||     1
Evoke: Wand              |       |       |     2 |       ||     2
  Use: Potion            |       |       |     4 |     2 ||     6
       Scroll            |       |       |     2 |     8 ||    10
 Stab: Paralysed         |       |       |     3 |       ||     3
       Distracted        |       |       |       |     1 ||     1
Armor: Scale mail        |    34 |    27 |   102 |       ||   163
       Chain mail        |       |       |    42 |    87 ||   129
Dodge: Dodged            |    22 |    23 |   105 |    65 ||   215
Block: Kite shield       |    38 |    52 |   219 |   107 ||   416

Table legend: (Time is in decaauts)
 A = Elapsed time spent in this place.
 B = Non-inter-level travel time spent in this place.
 C = Inter-level travel time spent in this place.
 D = Time resting spent in this place.
 E = Time spent auto-exploring this place.
 F = Levels seen in this place.
 G = Mean time per level.
                   A        B        C        D        E       F      G
               +--------+--------+--------+--------+--------+-----+--------+
         Total |  10484 |  10198 |    286 |     72 |   8385 |  12 |  873.7 |
       Dungeon |  10035 |   9749 |    286 |     72 |   8068 |  11 |  912.3 |
         Sewer |    449 |    449 |      0 |      0 |    316 |   1 |  449.0 |
               +--------+--------+--------+--------+--------+-----+--------+

Top non-repeatable levels by time:
     D:6: 1310 daAuts
     D:9: 1293 daAuts
     D:4: 1194 daAuts
     D:7: 1183 daAuts
     D:1: 1162 daAuts
    D:10: 886 daAuts
     D:2: 745 daAuts
     D:5: 683 daAuts
    D:11: 636 daAuts
     D:3: 622 daAuts
   Sewer: 449 daAuts
     D:8: 315 daAuts
